[Event "Titled Tuesday Blitz March 07 Early 2023"]
[White "Fathy, Elameir"]
[Black "Degenbaev, Aziz"]
[WhiteFideId "10600396"]
[BlackFideId "13802640"]
[WhiteElo "2311"]
[BlackElo "2152"]
[Result "1-0"]
[Round "07"]
[TimeControl "180+2"]
[Date "2023.03.07"]
[WhiteClock "0:00:39"]
[BlackClock "0:00:01"]

1. d4 Nf6 2. c4 g6 3. Nc3 Bg7 4. Nf3 O-O 5. e4 d6 6. Be2 e5 7. Be3 Ng4 8. Bg5 f6 9. Bc1 exd4 10. Nxd4 Nh6 11. O-O Nf7 12. Be3 Re8 13. Qc2 c5 14. Nf3 Nc6 15. Rad1 f5 16. a3 fxe4 17. Nxe4 Bf5 18. Bd3 Nfe5 19. Nxe5 Nxe5 20. Nxc5 Bg4 21. Be2 Qh4 22. Nxb7 Bxe2 23. Qxe2 Ng4 24. h3 Nxe3 25. fxe3 Bh6 26. Rf3 Re6 27. Nxd6 Rd8 28. c5 Qh5 29. b4 Bxe3+ 30. Kh1 1-0


[Site "https://www.chess.com"]

[Event "Titled Tuesday Blitz March 07 Early 2023"]
[White "Garrido, Denis"]
[Black "Estrada Nieto, Julian"]
[WhiteFideId "601217"]
[BlackFideId "5101018"]
[WhiteElo "2251"]
[BlackElo "2176"]
[Result "1-0"]
[Round "07"]
[TimeControl "180+2"]
[Date "2023.03.07"]
[WhiteClock "0:00:30"]
[BlackClock "0:00:08"]

1. e4 e5 2. Nf3 Nc6 3. Bb5 a6 4. Ba4 Nf6 5. Nc3 b5 6. Bb3 Bc5 7. d3 d6 8. Nd5 h6 9. c3 O-O 10. Nxf6+ Qxf6 11. Bd5 Bb7 12. g4 Qe7 13. g5 Kh8 14. Nh4 g6 15. Qg4 h5 16. Qf3 Nd8 17. Bxb7 Nxb7 18. Rg1 Kh7 19. Rg3 Nd8 20. Nf5 Qe6 21. Rh3 d5 22. Bd2 dxe4 23. dxe4 Nb7 24. b3 Nd6 25. O-O-O gxf5 26. Qxh5+ Kg7 27. Qh7# 1-0


[Site "https://www.chess.com"]

[Event "Titled Tuesday Blitz March 07 Early 2023"]
[White "Tagliati, Eleonore"]
[Black "Erzhanov, Arman"]
[WhiteFideId "45172234"]
[BlackFideId "4138821"]
[WhiteElo "2241"]
[BlackElo "2138"]
[Result "0-1"]
[Round "07"]
[TimeControl "180+2"]
[Date "2023.03.07"]
[WhiteClock "0:02:47"]
[BlackClock "0:02:35"]

1. e4 d6 2. d4 Nf6 3. Bd3 e5 4. c3 d5 5. dxe5 Nxe4 6. Bxe4 dxe4 7. Qxd8+ Kxd8 8. Nd2 Nc6 9. Nxe4 Nxe5 10. Bf4 Nd3+ 0-1


[Site "https://www.chess.com"]

[Event "Titled Tuesday Blitz March 07 Early 2023"]
[White "Mohamed, Saeed Laily"]
[Black "surrenderPLS"]
[WhiteFideId "9314946"]
[WhiteElo "1767"]
[BlackElo "2502"]
[Result "0-1"]
[Round "07"]
[TimeControl "180+2"]
[Date "2023.03.07"]
[WhiteClock "0:00:04"]
[BlackClock "0:00:38"]

1. d4 Nf6 2. c4 g6 3. Nc3 Bg7 4. e4 d6 5. Nf3 O-O 6. Be2 e5 7. O-O Nc6 8. d5 Ne7 9. Ne1 Nd7 10. Nd3 f5 11. f3 a5 12. g4 b6 13. Be3 Nc5 14. a3 fxe4 15. fxe4 Rxf1+ 16. Kxf1 Qf8+ 17. Kg2 Bh6 18. Bxh6 Qxh6 19. Nxc5 bxc5 20. Qc1 Qxc1 21. Rxc1 Rb8 22. Nb5 Bd7 23. a4 Bxb5 24. axb5 g5 25. Ra1 Ra8 26. Kf2 Ng6 27. Ke3 Kf7 28. Bf3 Ke7 29. Be2 h6 30. Bf3 Nf8 31. Rh1 Ng6 32. Ra1 Kd7 33. Be2 Kc8 34. Rf1 Nf4 35. Ra1 Kb7 36. Bf3 Kb6 37. Rh1 Ng6 38. Ra1 Rf8 39. Rg1 Nh4 40. Be2 a4 41. Ra1 Ng2+ 42. Kd2 Rf2 43. Rxa4 Nf4 44. Ra6+ Kb7 45. Ke3 Rxe2+ 46. Kf3 Rxb2 47. Ra1 Rxh2 48. Kg3 Rh3+ 49. Kf2 Rc3 50. Rh1 Rxc4 51. Rxh6 Rxe4 52. Rh7 Nxd5 53. Rg7 Rxg4 54. Kf3 Rf4+ 55. Kg3 g4 0-1


[Site "https://www.chess.com"]

[Event "Titled Tuesday Blitz March 07 Early 2023"]
[White "Karas, Marek"]
[Black "lisjakzlatko1"]
[WhiteFideId "14928558"]
[WhiteElo "2233"]
[BlackElo "2194"]
[Result "1-0"]
[Round "07"]
[TimeControl "180+2"]
[Date "2023.03.07"]
[WhiteClock "0:00:42"]
[BlackClock "0:00:02"]

1. Nf3 d6 2. g3 Bg4 3. Bg2 e5 4. d3 c6 5. c4 Be7 6. O-O f5 7. Nc3 Na6 8. Rb1 Nc7 9. b4 a6 10. a4 Nf6 11. b5 axb5 12. axb5 O-O 13. bxc6 bxc6 14. h3 Bxf3 15. Bxf3 d5 16. cxd5 Ncxd5 17. Bd2 Bc5 18. Kh2 Kh8 19. Bg2 Bd4 20. Rc1 f4 21. Ne4 fxg3+ 22. fxg3 Ra6 23. Nc5 Bxc5 24. Rxc5 1-0


[Site "https://www.chess.com"]

[Event "Titled Tuesday Blitz March 07 Early 2023"]
[White "Samarth, J Rao"]
[Black "TimGrutter03"]
[WhiteFideId "46652370"]
[WhiteElo "1564"]
[BlackElo "2495"]
[Result "0-1"]
[Round "07"]
[TimeControl "180+2"]
[Date "2023.03.07"]
[WhiteClock "0:00:03"]
[BlackClock "0:00:52"]

1. c4 Nf6 2. Nc3 g6 3. d4 Bg7 4. e4 d6 5. h3 O-O 6. Be3 e5 7. d5 c6 8. g4 cxd5 9. cxd5 a5 10. f3 Na6 11. Nge2 h5 12. Ng3 h4 13. Nge2 Nd7 14. Rg1 g5 15. Qd2 Bf6 16. Nc1 Ndc5 17. Nd3 Nxd3+ 18. Bxd3 Bd7 19. Bb5 Rc8 20. Bxd7 Qxd7 21. a3 b5 22. Qd3 Rb8 23. Qd2 b4 24. axb4 Nxb4 25. Bxg5 Nd3+ 26. Qxd3 Bxg5 27. Qe2 Qa7 28. Kf1 Rb3 29. Kg2 Rfb8 30. Rgb1 Be3 31. Ra3 Bd4 32. Rxb3 Rxb3 33. Qc4 Qb7 34. Qc6 Rxb2+ 35. Ne2 Rxe2+ 36. Kf1 Rf2+ 37. Ke1 Qxb1+ 38. Qc1 Qxc1# 0-1


[Site "https://www.chess.com"]

[Event "Titled Tuesday Blitz March 07 Early 2023"]
[White "Goltseva, Ekaterina"]
[Black "Delorme, Alban"]
[WhiteFideId "24173770"]
[BlackFideId "623636"]
[WhiteElo "2200"]
[BlackElo "2196"]
[Result "0-1"]
[Round "07"]
[TimeControl "180+2"]
[Date "2023.03.07"]
[WhiteClock "0:01:30"]
[BlackClock "0:01:19"]

1. b3 Nf6 2. Bb2 g6 3. Nf3 Bg7 4. g3 O-O 5. Bg2 d5 6. O-O c5 7. d4 Ne4 8. Nbd2 Nxd2 9. Qxd2 Nc6 10. Rfd1 Bg4 11. Ne5 Nxe5 12. dxe5 d4 13. f3 Be6 14. f4 Rb8 15. e3 dxe3 16. Qxe3 Qc7 17. c4 Rfd8 18. Bd5 Bg4 19. Rd2 e6 20. Bg2 Rxd2 21. Qxd2 Rd8 22. Qe3 h5 23. h3 Bf5 24. Qe2 b5 0-1


[Site "https://www.chess.com"]

[Event "Titled Tuesday Blitz March 07 Early 2023"]
[White "Pourkashiyan, Atousa"]
[Black "Larina, Maria"]
[WhiteFideId "12502014"]
[BlackFideId "24113182"]
[WhiteElo "2228"]
[BlackElo "1848"]
[Result "0-1"]
[Round "07"]
[TimeControl "180+2"]
[Date "2023.03.07"]
[WhiteClock "0:00:02"]
[BlackClock "0:00:02"]

1. e4 c6 2. d4 d5 3. Nc3 dxe4 4. Nxe4 Nf6 5. Nxf6+ exf6 6. c3 Bd6 7. Bd3 O-O 8. Be3 Re8 9. Qc2 h5 10. Ne2 Nd7 11. O-O-O Nf8 12. h3 h4 13. Ng1 Qa5 14. Kb1 Be6 15. a3 Ng6 16. Nf3 f5 17. Bd2 Qb6 18. c4 Bf4 19. Bxf5 Bxd2 20. Rxd2 Rad8 21. Bxe6 Rxe6 22. Rhd1 Qa5 23. d5 cxd5 24. Rxd5 Rxd5 25. cxd5 Rd6 26. Qc8+ Rd8 27. Qxb7 Qa4 28. Re1 Qa5 29. Rd1 Qa4 30. Rd4 Qe8 31. Qxa7 Rb8 32. Ka2 Qb5 33. Rb4 Qxd5+ 34. Kb1 Re8 0-1


[Site "https://www.chess.com"]

[Event "Titled Tuesday Blitz March 07 Early 2023"]
[White "Lewtak, Damian"]
[Black "Matutururu, Maxman"]
[WhiteFideId "1141724"]
[BlackFideId "11004487"]
[WhiteElo "2302"]
[BlackElo "2408"]
[Result "1-0"]
[Round "07"]
[TimeControl "180+2"]
[Date "2023.03.07"]
[WhiteClock "0:00:35"]
[BlackClock "0:00:06"]

1. e4 c5 2. Nf3 d6 3. Bb5+ Nc6 4. d4 cxd4 5. Qxd4 Bd7 6. Bxc6 Bxc6 7. Nc3 Nf6 8. Bg5 e6 9. O-O-O Be7 10. h4 O-O 11. Qd3 Rc8 12. Nd4 Bd7 13. f4 Qa5 14. Kb1 Rfe8 15. Nb3 Qb4 16. e5 Ng4 17. Bxe7 Rxe7 18. Qxd6 Qxd6 19. Rxd6 Bc6 20. Rg1 h5 21. g3 Rec7 22. Rgd1 Kf8 23. Rd8+ Ke7 24. Rxc8 Rxc8 25. Kc1 Ne3 26. Rd3 Nf5 27. Nd4 Nh6 28. Nxc6+ Rxc6 29. Kd2 Nf5 30. Ne2 Ra6 31. a3 Rb6 32. b3 Ra6 33. a4 Nh6 34. Nd4 Ng4 35. c4 Rb6 36. c5 Rb4 37. Kc3 a5 38. c6 Rb6 39. c7 1-0


[Site "https://www.chess.com"]

[Event "Titled Tuesday Blitz March 07 Early 2023"]
[White "Derix, Bernhard"]
[Black "Shubenkova, Veronika"]
[WhiteFideId "4642368"]
[BlackFideId "44124040"]
[WhiteElo "2567"]
[BlackElo "2027"]
[Result "0-1"]
[Round "07"]
[TimeControl "180+2"]
[Date "2023.03.07"]
[WhiteClock "0:00:01"]
[BlackClock "0:01:00"]

1. e4 e6 2. d3 d5 3. Nd2 Nf6 4. Ngf3 c5 5. g3 Nc6 6. Bg2 Be7 7. O-O O-O 8. Re1 b5 9. exd5 exd5 10. d4 c4 11. a4 b4 12. Ne5 Bb7 13. Ndxc4 dxc4 14. Nxc6 Bxc6 15. Bxc6 Rc8 16. Bg2 c3 17. b3 Bd6 18. Bg5 h6 19. Bxf6 Qxf6 20. Qd3 Rfd8 21. Rad1 Bc7 22. Re4 Bb6 23. Rf4 Qd6 24. d5 Re8 25. Re4 Rxe4 26. Qxe4 Rd8 27. Rd3 Qc5 28. Qe2 Kf8 29. Re3 Qd6 30. Re4 Qxd5 31. Rf4 Qd1+ 32. Bf1 Qxe2 33. Bxe2 Rd2 34. Bd3 a5 35. Kf1 Ke7 36. Ke1 g5 37. Rf5 f6 38. h4 Ke6 39. Rf3 g4 40. Rf4 h5 41. Kf1 Rd1+ 42. Ke2 Rd2+ 43. Ke1 Ke5 44. Re4+ Kd6 45. Rf4 Ke6 46. Re4+ Kd6 47. Rf4 Ke5 48. Rf5+ Ke6 49. Rf4 Bc7 50. Re4+ Kd5 51. Re2 Rxd3 52. cxd3 Kd4 53. Kd1 Kxd3 54. Re3+ Kd4 55. Kc2 Be5 56. Re2 Kc5 57. Re1 Kd5 58. Rd1+ Ke4 59. Rd3 f5 60. Rd7 f4 0-1


[Site "https://www.chess.com"]

[Event "Titled Tuesday Blitz March 07 Early 2023"]
[White "Begunov, Konstantin"]
[Black "Belov, Alexei"]
[WhiteFideId "4118510"]
[BlackFideId "4128206"]
[WhiteElo "2079"]
[BlackElo "2562"]
[Result "1-0"]
[Round "07"]
[TimeControl "180+2"]
[Date "2023.03.07"]
[WhiteClock "0:00:14"]
[BlackClock "0:00:16"]

1. d4 e6 2. c4 d5 3. Nc3 Be7 4. cxd5 exd5 5. Nf3 c6 6. Qc2 g6 7. Bf4 Bf5 8. Qd2 Nf6 9. e3 Nbd7 10. Bd3 Bxd3 11. Qxd3 O-O 12. O-O Re8 13. Rab1 a5 14. Rfe1 Nh5 15. Bh6 Bf8 16. Bxf8 Nxf8 17. a3 Nf6 18. b4 axb4 19. axb4 Ne4 20. Nd2 Nxd2 21. Qxd2 b5 22. e4 dxe4 23. Nxe4 Ne6 24. Rbd1 Nc7 25. Qf4 Nd5 26. Qh6 Qe7 27. h4 Qf8 28. Qg5 f5 29. Nc5 Qf7 30. Re5 Nxb4 31. Rde1 Nc2 32. Re7 Ra1 33. Rxf7 Rexe1+ 34. Kh2 Kxf7 35. Nd3 Re7 36. Ne5+ Ke6 37. Qd2 Ra2 38. Qc3 Ra4 39. Qxc6# 1-0


[Site "https://www.chess.com"]

[Event "Titled Tuesday Blitz March 07 Early 2023"]
[White "Yaksin, Oleg"]
[Black "Pein, Jonathan"]
[WhiteFideId "24105880"]
[BlackFideId "417092"]
[WhiteElo "2289"]
[BlackElo "2151"]
[Result "0-1"]
[Round "07"]
[TimeControl "180+2"]
[Date "2023.03.07"]
[WhiteClock "0:02:18"]
[BlackClock "0:02:17"]

1. e4 d6 2. d4 Nf6 3. Bd3 Nc6 4. c3 e5 5. dxe5 dxe5 6. Nf3 Bc5 7. O-O Bg4 8. Qe2 Qe7 9. Bg5 h6 10. Bh4 g5 11. Bg3 Nh5 12. h3 Nxg3 13. Qc2 Bxf3 14. gxf3 Nxf1 15. Bxf1 Qf6 16. b4 Bb6 17. Nd2 O-O 18. Kg2 Ne7 19. Nc4 Ng6 20. a4 Nh4+ 0-1


[Site "https://www.chess.com"]

[Event "Titled Tuesday Blitz March 07 Early 2023"]
[White "Rodchenkov, Sergey D."]
[Black "Benaddi, Mouhcine"]
[WhiteFideId "4168712"]
[BlackFideId "9001050"]
[WhiteElo "2277"]
[BlackElo "2036"]
[Result "0-1"]
[Round "07"]
[TimeControl "180+2"]
[Date "2023.03.07"]
[WhiteClock "0:00:06"]
[BlackClock "0:00:17"]

1. e4 c6 2. d4 d5 3. exd5 cxd5 4. Bd3 Nc6 5. c3 Qc7 6. Nf3 Bg4 7. Nbd2 Nf6 8. Qb3 Bxf3 9. Nxf3 e6 10. O-O Bd6 11. Qc2 h6 12. Re1 O-O 13. Qe2 Rfe8 14. Ne5 Bxe5 15. dxe5 Nd7 16. f4 Nc5 17. Bb1 Rad8 18. Be3 d4 19. cxd4 Nxd4 20. Qf2 Qa5 21. Rf1 Qb4 22. a3 Qc4 23. Ba2 Qa4 24. Rad1 Ncb3 25. Rd3 Rd5 26. Rfd1 Red8 27. g3 Nf3+ 28. Qxf3 Rxd3 29. Rf1 Nd4 30. Qf2 Nf5 31. Bc5 Rd2 32. Qf3 Qc6 33. Qxc6 bxc6 34. Bb4 Rxb2 35. Bc4 Ne3 36. Rc1 Nxc4 37. Rxc4 Rd1+ 0-1


[Site "https://www.chess.com"]

[Event "Titled Tuesday Blitz March 07 Early 2023"]
[White "Bilan, Danila"]
[Black "Topalov, Aleksandar"]
[WhiteFideId "24161918"]
[BlackFideId "925659"]
[WhiteElo "2182"]
[BlackElo "2151"]
[Result "0-1"]
[Round "07"]
[TimeControl "180+2"]
[Date "2023.03.07"]
[WhiteClock "0:00:07"]
[BlackClock "0:01:02"]

1. d4 Nf6 2. Nf3 g6 3. Bg5 Bg7 4. c3 O-O 5. Nbd2 d5 6. e3 c6 7. Bd3 Bg4 8. h3 Bxf3 9. Nxf3 Nbd7 10. O-O Qe8 11. c4 e5 12. dxe5 Nxe5 13. Nxe5 Qxe5 14. Bf4 Qe6 15. Qb3 dxc4 16. Bxc4 Qe7 17. Rfd1 Rfd8 18. Rxd8+ Rxd8 19. Rd1 Rxd1+ 20. Qxd1 b5 21. Bb3 a5 22. a4 Ne4 23. axb5 cxb5 24. Qd5 a4 25. Ba2 Bxb2 26. Qxb5 a3 27. Bh6 Bg7 28. Bxg7 Kxg7 29. Qd5 Nc3 30. Qb3 Nxa2 31. Qxa2 Qb4 32. Qd5 Qb2 0-1


[Site "https://www.chess.com"]

[Event "Titled Tuesday Blitz March 07 Early 2023"]
[White "Jovic, Stanoje"]
[Black "Hirneise, Jens"]
[WhiteFideId "905020"]
[BlackFideId "24614734"]
[WhiteElo "2236"]
[BlackElo "2345"]
[Result "0-1"]
[Round "07"]
[TimeControl "180+2"]
[Date "2023.03.07"]
[WhiteClock "0:00:19"]
[BlackClock "0:01:07"]

1. c4 e6 2. g3 d5 3. Bg2 dxc4 4. Nf3 Nf6 5. O-O Be7 6. Na3 c3 7. bxc3 O-O 8. Nc4 Nbd7 9. d4 c5 10. a4 Nb6 11. Nce5 cxd4 12. cxd4 Bd7 13. a5 Nbd5 14. a6 bxa6 15. Rxa6 Bb5 16. Ra1 Nc3 17. Qb3 Nxe2+ 18. Kh1 Rb8 19. Rd1 Nxc1 20. Rdxc1 Bf1 21. Qa2 Bxg2+ 22. Kxg2 Qd5 23. Qxa7 Bd6 24. Ra5 Qe4 25. Re1 Qc2 26. Nd7 Nxd7 27. Qxd7 Bb4 28. Rea1 Bxa5 29. Rxa5 Rb2 30. Ra3 Qxf2+ 31. Kh3 Qf1+ 32. Kh4 h6 33. h3 Rb5 34. Ne5 Qf6+ 35. Kg4 Qf5+ 0-1


[Site "https://www.chess.com"]

[Event "Titled Tuesday Blitz March 07 Early 2023"]
[White "Kalajzic, Ivan"]
[Black "Tarasova, Viktoriya"]
[WhiteFideId "14506378"]
[BlackFideId "4175840"]
[WhiteElo "2203"]
[BlackElo "2182"]
[Result "1/2-1/2"]
[Round "07"]
[TimeControl "180+2"]
[Date "2023.03.07"]
[WhiteClock "0:00:12"]
[BlackClock "0:00:05"]

1. b3 e5 2. Bb2 Nc6 3. e3 d5 4. Bb5 Bd6 5. f4 Qe7 6. Nf3 Bg4 7. h3 Bxf3 8. Qxf3 Nf6 9. fxe5 Bxe5 10. Bxe5 Qxe5 11. Nc3 Rd8 12. O-O O-O 13. Bxc6 bxc6 14. Qf4 Qe7 15. Rf2 h6 16. Raf1 Nh7 17. e4 d4 18. Na4 d3 19. c4 Ng5 20. Nc3 Rd4 21. Re1 Re8 22. h4 Ne6 23. Qe3 Qxh4 24. Ref1 Rf8 25. Rf5 a6 26. Ra5 Rfd8 27. Rxa6 Nc5 28. Rxc6 Nxe4 29. Nxe4 Rxe4 30. Qf3 Re7 31. Rc5 Qd4+ 32. Qf2 Qxf2+ 33. Rxf2 Ra8 34. Rd5 Rxa2 35. Rxd3 Ra1+ 36. Rf1 Ree1 37. Rxe1 Rxe1+ 38. Kf2 Re7 39. b4 c6 40. Rb3 Rb7 41. d4 Kf8 42. Ke3 Ke7 43. Kd3 Kd6 44. Kc3 f5 45. Ra3 g5 46. Ra8 Re7 47. Rh8 Re2 48. Rxh6+ Kc7 49. g3 Re3+ 50. Kd2 Rxg3 51. Rh7+ Kc8 52. Rh8+ Kc7 53. Rh7+ Kc8 54. Rh8+ Kc7 55. Rh7+ 1/2-1/2


[Site "https://www.chess.com"]

[Event "Titled Tuesday Blitz March 07 Early 2023"]
[White "Alahakoon, Isuru"]
[Black "Ramirez Allo, Eduardo"]
[WhiteFideId "9900993"]
[BlackFideId "2224178"]
[WhiteElo "1995"]
[BlackElo "2494"]
[Result "0-1"]
[Round "07"]
[TimeControl "180+2"]
[Date "2023.03.07"]
[WhiteClock "0:00:02"]
[BlackClock "0:00:01"]

1. Nf3 Nf6 2. d4 g6 3. Bf4 Bg7 4. Nc3 d5 5. e3 O-O 6. Nb5 Na6 7. h4 h5 8. Be2 c6 9. Nc3 c5 10. Nb5 cxd4 11. exd4 Bf5 12. c3 Qb6 13. a4 Rfc8 14. Ne5 Nb8 15. g4 hxg4 16. Nxg4 a6 17. a5 Qd8 18. Na3 Nbd7 19. Ne3 e6 20. h5 Be4 21. Bf3 Bxf3 22. Qxf3 Nxh5 23. Rxh5 gxh5 24. Qxh5 Qf6 25. Qh2 Kf8 26. O-O-O Ke8 27. Re1 Kd8 28. Kb1 Bf8 29. Qg3 Be7 30. Nac2 b6 31. Ng4 Qg6 32. Qf3 bxa5 33. Rg1 Qe4 34. Qg3 Rab8 35. Ne3 Rb7 36. Qg8+ Nf8 37. Qg3 Kd7 38. Ng4 Ng6 39. Be3 a4 40. f3 Qf5 41. Nh6 Qf6 42. Ng4 Qh4 43. Qg2 a3 44. Rh1 Qxh1+ 0-1


[Site "https://www.chess.com"]

[Event "Titled Tuesday Blitz March 07 Early 2023"]
[White "Kostiukov, Alexandr"]
[Black "Ljukin, Sergei"]
[WhiteFideId "14108100"]
[BlackFideId "14102200"]
[WhiteElo "2202"]
[BlackElo "2312"]
[Result "0-1"]
[Round "07"]
[TimeControl "180+2"]
[Date "2023.03.07"]
[WhiteClock "0:00:07"]
[BlackClock "0:00:14"]

1. g3 d5 2. Bg2 e5 3. c4 d4 4. d3 Nc6 5. Nf3 Nf6 6. O-O Bd6 7. e3 O-O 8. exd4 exd4 9. Re1 h6 10. Na3 Bg4 11. h3 Bh5 12. g4 Bg6 13. g5 hxg5 14. Bxg5 Nb4 15. Bf1 Bh5 16. Nb5 c5 17. Be2 Bg6 18. a3 Nc6 19. Nxd6 Qxd6 20. Qd2 Nh5 21. Nh4 Rae8 22. Bg4 Ne5 23. Bf4 Nf3+ 24. Bxf3 Nxf4 25. Nxg6 Qxg6+ 26. Kf1 Qxd3+ 27. Qxd3 Nxd3 28. Rxe8 Rxe8 29. Bd5 b6 30. b4 Nf4 31. Bc6 Re2 32. bxc5 bxc5 33. Rb1 g6 34. h4 Rc2 35. Rb7 Rc1# 0-1


[Site "https://www.chess.com"]

[Event "Titled Tuesday Blitz March 07 Early 2023"]
[White "Jiganchine, Roman"]
[Black "Mazurkiewicz, Michal"]
[WhiteFideId "2603667"]
[BlackFideId "1124943"]
[WhiteElo "2320"]
[BlackElo "2054"]
[Result "0-1"]
[Round "07"]
[TimeControl "180+2"]
[Date "2023.03.07"]
[WhiteClock "0:00:28"]
[BlackClock "0:01:48"]

1. e4 d6 2. d4 Nf6 3. Nc3 c6 4. Nf3 Bg4 5. Be3 e6 6. a4 d5 7. exd5 cxd5 8. Be2 Be7 9. h3 Bh5 10. Ne5 Bxe2 11. Nxe2 O-O 12. O-O Nc6 13. f4 Ne4 14. c3 f6 15. Nxc6 bxc6 16. Qd3 f5 17. a5 Rb8 18. b4 Qc8 19. Kh1 a6 20. Kh2 Qb7 21. Ng1 Qb5 22. Qxb5 cxb5 23. Nf3 Bd6 24. Bd2 Rbc8 25. Rac1 Rc4 26. g3 Rfc8 27. Rfe1 h6 28. Re2 Kf7 29. Ree1 Nxd2 30. Nxd2 Rxc3 31. Rxc3 Rxc3 32. Nf3 Rxf3 0-1


[Site "https://www.chess.com"]

[Event "Titled Tuesday Blitz March 07 Early 2023"]
[White "Dinu, Dumitru-Daniel"]
[Black "babbilator"]
[WhiteFideId "1208403"]
[WhiteElo "2240"]
[BlackElo "2211"]
[Result "0-1"]
[Round "07"]
[TimeControl "180+2"]
[Date "2023.03.07"]
[WhiteClock "0:00:02"]
[BlackClock "0:00:01"]

1. e4 c5 2. f4 e6 3. Nf3 d5 4. Bb5+ Bd7 5. Bxd7+ Nxd7 6. d3 g6 7. O-O Bg7 8. Nc3 Ne7 9. f5 exf5 10. exf5 Nxf5 11. Re1+ Kf8 12. Nxd5 h6 13. Bf4 Nf6 14. Nc3 Kg8 15. Qd2 Kh7 16. Ne5 Rf8 17. Kh1 Nh5 18. g4 Nxf4 19. gxf5 g5 20. Ng4 Bxc3 21. Qxc3 f6 22. Re4 h5 23. Ne3 Qd7 24. Re1 Rae8 25. Nc4 Rxe4 26. Rxe4 Qxf5 27. Nd6 Qg4 28. Re7+ Kg6 29. Qd2 Qf3+ 30. Kg1 Nh3# 0-1


[Site "https://www.chess.com"]

[Event "Titled Tuesday Blitz March 07 Early 2023"]
[White "Ruge, Edison"]
[Black "Iskusnyh, Sergei"]
[WhiteFideId "4401000"]
[BlackFideId "4120027"]
[WhiteElo "2175"]
[BlackElo "2492"]
[Result "1/2-1/2"]
[Round "07"]
[TimeControl "180+2"]
[Date "2023.03.07"]
[WhiteClock "0:00:15"]
[BlackClock "0:00:15"]

1. e4 e6 2. d3 c5 3. Nd2 Nc6 4. Ngf3 g6 5. g3 Bg7 6. h4 Nf6 7. h5 Nxh5 8. Rxh5 gxh5 9. Nh4 d6 10. Qxh5 Nd4 11. Qd1 h5 12. c3 Nc6 13. Be2 Ne5 14. f4 Ng4 15. Bxg4 hxg4 16. Qxg4 Bf6 17. Ndf3 Bd7 18. Be3 Qb6 19. O-O-O O-O-O 20. Ng5 Rdg8 21. Qe2 Be8 22. Nhf3 Kb8 23. e5 Be7 24. d4 cxd4 25. Bxd4 Qc7 26. exd6 Bxd6 27. Bxh8 Rxh8 28. Qd3 Be7 29. Ne4 Bc6 30. Ne5 Rd8 31. Qe3 Rxd1+ 32. Kxd1 Be8 33. Kc2 f6 34. Nd3 Qc6 35. Nd2 Bg6 36. g4 Bd8 37. f5 exf5 38. gxf5 Bf7 39. Nb4 Qd7 40. Qd3 Qa4+ 41. Nb3 Bc7 42. Qd4 Qe8 43. Nc5 Qe2+ 44. Qd2 Qe7 45. Qd4 Be5 46. Nca6+ Kc8 47. Qc5+ Qxc5 48. Nxc5 Bd6 49. Ne4 Be7 50. b3 Bh5 51. Nd3 Bg4 52. Ng3 Bd6 53. Nh5 Be7 54. Ng7 Bf8 55. Ne6 Be7 56. Ng7 Bf8 57. Ne6 Bh6 58. Nd4 Be3 59. Nc5 Bxd4 60. cxd4 Bxf5+ 61. Kc3 Kc7 62. d5 Kd6 63. Kd4 Bb1 64. Nxb7+ Kc7 65. Nc5 Kd6 66. Ne4+ Ke7 67. a4 f5 68. Nc5 f4 69. b4 Kd6 70. Ne4+ Bxe4 71. Kxe4 f3 72. Kxf3 Kxd5 73. Ke3 Kc4 74. b5 Kb4 75. Kd3 Kxa4 76. Kc3 Kxb5 77. Kb3 a5 78. Ka3 a4 79. Ka2 Ka5 80. Ka1 Kb4 81. Ka2 a3 82. Ka1 Kb3 83. Kb1 Ka4 84. Ka1 Kb4 85. Kb1 Kb3 86. Ka1 a2 1/2-1/2


[Site "https://www.chess.com"]

[Event "Titled Tuesday Blitz March 07 Early 2023"]
[White "Sovetbekova, Nurai"]
[Black "Petre, Nad-Titus"]
[WhiteFideId "13801910"]
[BlackFideId "1204165"]
[WhiteElo "1857"]
[BlackElo "2354"]
[Result "0-1"]
[Round "07"]
[TimeControl "180+2"]
[Date "2023.03.07"]
[WhiteClock "0:01:31"]
[BlackClock "0:01:08"]

1. d4 d6 2. c4 e5 3. Nf3 e4 4. Nfd2 f5 5. Nc3 Nf6 6. e3 g6 7. Be2 c5 8. dxc5 dxc5 9. b3 Nc6 10. Bb2 Bg7 11. a3 O-O 12. h4 h5 13. Qc2 Nd4 14. exd4 cxd4 15. Nd5 Nxd5 16. cxd5 d3 17. Qc1 Bxb2 18. Qxb2 dxe2 19. Kxe2 Qxd5 20. Rhd1 f4 21. Nc4 Bg4+ 22. f3 exf3+ 23. Kf2 Qc5+ 24. Rd4 Rad8 25. Rd1 fxg2 26. Kxg2 Bxd1 27. Rxd8 Rxd8 28. Qf6 Qc6+ 0-1


[Site "https://www.chess.com"]

[Event "Titled Tuesday Blitz March 07 Early 2023"]
[White "Janaszak, Dawid"]
[Black "Zampronha, Wladimir Camilo"]
[WhiteFideId "1119206"]
[BlackFideId "2103087"]
[WhiteElo "2220"]
[BlackElo "2176"]
[Result "1-0"]
[Round "07"]
[TimeControl "180+2"]
[Date "2023.03.07"]
[WhiteClock "0:01:40"]
[BlackClock "0:01:44"]

1. e4 c5 2. b4 d5 3. exd5 Qxd5 4. Bb2 cxb4 5. Nf3 Nf6 6. c4 bxc3 7. Nxc3 Qa5 8. Bc4 Bf5 9. Qb3 Nbd7 10. Bxf7+ Kd8 11. O-O e6 12. Nd4 Nc5 13. Qc4 Bd3 14. Nxe6+ Nxe6 15. Qxe6 Bxf1 16. Rxf1 Bb4 17. Re1 Rf8 18. a3 Bxa3 19. Bxa3 Qxa3 20. Nb5 Qc5 21. Nd6 Kc7 22. Qe7+ Kc6 23. Qxb7+ Kxd6 24. Re6# 1-0


[Site "https://www.chess.com"]

[Event "Titled Tuesday Blitz March 07 Early 2023"]
[White "Castellanos Villela, Alejandro"]
[Black "Szente Varga, Fruzsina"]
[WhiteFideId "3446379"]
[BlackFideId "712264"]
[WhiteElo "2102"]
[BlackElo "1994"]
[Result "0-1"]
[Round "07"]
[TimeControl "180+2"]
[Date "2023.03.07"]
[WhiteClock "0:00:21"]
[BlackClock "0:00:15"]

1. c4 Nf6 2. Nc3 g6 3. g3 Bg7 4. Bg2 c6 5. e4 d6 6. Nge2 O-O 7. O-O e5 8. d4 Nbd7 9. h3 Qe7 10. d5 a5 11. Be3 c5 12. f4 Ne8 13. f5 b6 14. Qd2 Ba6 15. b3 Rb8 16. g4 f6 17. fxg6 hxg6 18. Nb5 Rf7 19. Rf2 Nf8 20. Raf1 Nc7 21. Nec3 Qd7 22. a4 Bc8 23. Bh6 Nh7 24. Na7 Ba6 25. Kh2 g5 26. Bxg7 Kxg7 27. Nc6 Rh8 28. Kg3 Nf8 29. Nb5 Ng6 30. Rf5 Bb7 31. Nc3 Nf4 32. Na7 Kg6 33. Nab5 Ne8 34. Ne2 Ng7 35. Ng1 Bc8 36. Nc3 Qe7 37. Nd1 Bxf5 38. exf5+ Kh7 39. Nc3 Kg8 40. Ne4 Kf8 41. Ne2 Ne8 42. N2c3 Rfh7 43. Rh1 Qg7 44. Bf1 Ke7 45. Kf2 Nxh3+ 46. Bxh3 Rxh3 47. Rxh3 Rxh3 48. Kg1 Qh6 49. Qg2 Qh4 50. Qf2 Qxg4+ 51. Kf1 Rh1+ 0-1


[Site "https://www.chess.com"]

[Event "Titled Tuesday Blitz March 07 Early 2023"]
[White "Malyi, Viacheslav"]
[Black "Buscar, Michael"]
[WhiteFideId "14123983"]
[BlackFideId "2603616"]
[WhiteElo "2291"]
[BlackElo "2010"]
[Result "1-0"]
[Round "07"]
[TimeControl "180+2"]
[Date "2023.03.07"]
[WhiteClock "0:00:26"]
[BlackClock "0:00:10"]

1. e4 c5 2. Nf3 Nc6 3. d4 cxd4 4. Nxd4 Nf6 5. Nc3 e5 6. Ndb5 h6 7. Nd5 Nxd5 8. exd5 a6 9. dxc6 axb5 10. cxd7+ Bxd7 11. Bd3 Qc7 12. Qe2 Be7 13. O-O b4 14. f4 Ra5 15. f5 Bg5 16. Be4 Bb5 17. Bd3 Bxd3 18. Qxd3 O-O 19. Bxg5 hxg5 20. f6 Qb6+ 21. Kh1 gxf6 22. Rf5 Rd8 23. Qf3 Rd6 24. h4 gxh4 25. Rf1 Ra6 26. Qh5 Kf8 27. Rxe5 Re6 28. Rd5 Ke7 29. Rfd1 Qc7 30. Rd7+ Qxd7 31. Rxd7+ Kxd7 32. Qb5+ Kc7 33. Qxb4 Rad6 34. Qxh4 Re7 35. Qc4+ Rc6 36. Qb4 Rd7 37. Qf4+ Kb6 38. c4 Re6 39. Qf2+ Kc7 40. Qc5+ Rc6 41. Qa5+ Kb8 42. b3 Rdc7 43. Qf5 Re6 44. a4 Rec6 45. a5 Ka7 46. Qf2+ Kb8 47. Qd4 Rc8 48. Qd7 R8c7 49. Qd4 Rc8 50. b4 Rxc4 51. Qxf6 Rxb4 52. Qd6+ Ka7 53. Qxb4 1-0


[Site "https://www.chess.com"]